AoeStats
← Shaman Twain

Arabia

507925825Analyzed
1v1 RM · 14d ago on Sep 20, 2026· 50m 1s· 2 players
Game mode
Random Map
Map size
Tiny (2 player)
Population
200
Speed
Normal
Resources
Standard
Victory
Conquest
Starting age
Dark Age
Ending age
Imperial Age
RankedLock teamsTeams togetherTeam positionsShared explorationLock speedFull tech treeHidden civsTurbo modeCheats
Victory
Defeat
🇮🇳 Celts · India
914
+14
🇻🇳 Vikings · Vietnam
866
-14
ScottVector
7:57 Loom
10:42 Feudal Age
11:44 Double-Bit Axe
14:07 Gold Mining
15:37 Man-at-Arms
17:30 Forging
17:21 Scale Mail Armor
20:40 Horse Collar
23:37 Castle Age
23:44 Stone Mining
25:24 Iron Casting
25:04 Chain Mail Armor
25:20 Squires
25:05 Gambesons
24:41 Long Swordsman
25:57 Gambesons
25:32 Long Swordsman
27:36 Gold Shaft Mining
32:00 Bow Saw
33:02 Heavy Plow
33:15 Fletching
33:25 Padded Archer Armor
33:15 Fletching
38:39 Imperial Age
37:21 Chieftains
43:28 Plate Mail Armor
43:06 Two-Handed Swordsman
45:59 Champion
49:08 Champion
Shaman Twain
11:48 Feudal Age
11:58 Loom
13:20 Horse Collar
13:29 Double-Bit Axe
13:11 Man-at-Arms
15:36 Arson
22:49 Castle Age
20:55 Scale Mail Armor
21:49 Gold Mining
22:54 Forging
22:54 Long Swordsman
24:09 Chain Mail Armor
27:58 Gambesons
31:43 Gold Shaft Mining
31:21 Bow Saw
31:14 Heavy Plow
31:37 Pikeman
34:12 Stone Mining
38:31 Imperial Age
38:34 Wheelbarrow
37:45 Town Watch
40:06 Ballistics
40:40 Iron Casting
40:00 Two-Handed Swordsman
40:20 Heavy Scorpion
42:14 Hand Cart
42:00 Town Patrol
41:51 Champion
46:40 Siege Engineers
48:41 Chemistry
Connection lost

Rejoining the realm…

Still unreachable

The connection could not be restored.

Session expired

The server has moved on; the page needs a fresh start.